 Dungeon Crawl Stone Soup version 0.22.0-60-ga52c2fcf6e (webtiles) character file.

181 username5893471 the Digger (level 5, -2/32 HPs)
             Began as an Octopode Earth Elementalist on Sept 10, 2018.
             Killed from afar by an orc wizard (8 damage)
             ... with a puff of flame
             ... on level 3 of the Dungeon.
             The game lasted 00:05:10 (2988 turns).

username5893471 the Digger (OpEE)                   Turns: 2988, Time: 00:05:11

Health: -2/32      AC:  1    Str:  7    XL:     5   Next: 61%
Magic:  1/9        EV: 14    Int: 18    God:
Gold:   158        SH:  0    Dex: 13    Spells: 0/10 levels left

rFire    . . .     SeeInvis .   a - +0 dagger (curse)
rCold    . . .     Gourm    .   (no shield)
rNeg     . . .     Faith    .   (helmet restricted)
rPois    .         Spirit   .   (no amulet)
rElec    .         Reflect  .   (no ring)
rCorr    .         Harm     .   (no ring)
MR       .....                  (no ring)
Stlth    +++.......             (no ring)
HPRegen  0.10/turn              (no ring)
MPRegen  0.11/turn              (no ring)
                                (no ring)
                                (no ring)

@: no status effects
A: almost no armour, stealthy swim, amphibious, 8 rings, constrict 8, camouflage
1, gelatinous body 1
a: no special abilities


You were on level 3 of the Dungeon.
You were hungry.

You visited 1 branch of the dungeon, and saw 3 of its levels.

You collected 158 gold pieces.

Inventory:

Hand Weapons
 a - a cursed +0 dagger (weapon)
Missiles
 b - 101 stones (quivered)
Armour
 e - a +1 buckler
Scrolls
 d - a scroll of immolation
 f - 3 scrolls of remove curse {unknown}
 g - a scroll of enchant weapon {unknown}
 l - a scroll of blinking {unknown}
 n - a scroll of teleportation
 o - 5 scrolls of identify {unknown}
Potions
 h - a potion of curing {unknown}
 i - 2 potions of heal wounds {unknown}
 k - 2 potions of agility {unknown}
 m - a potion of lignification {unknown}
Comestibles
 c - 6 rations


   Skills:
 + Level 0.3 Fighting
 * Level 3.0 Dodging
 + Level 3.5 Stealth
 * Level 1.2 Shields
 + Level 3.1 Spellcasting
 * Level 1.1 Conjurations
 + Level 1.0 Transmutations
 + Level 4.0 Earth Magic


You couldn't memorise any spells.
You knew the following spells:

 Your Spells              Type           Power        Failure   Level  Hunger
a - Sandblast             Erth           ###...       3%          1    None
b - Passwall              Tmut/Erth      ##......     9%          2    ##.....
c - Stone Arrow           Conj/Erth      ##....       17%         3    ###....
d - Petrify               Tmut/Erth      ##......     50%         4    ####...

Your spell library contained the following spells:

 Spells                   Type           Power        Failure   Level  Hunger
 Lee's Rapid Deconstruct  Erth           ###.......   63%         5    ######.


Dungeon Overview and Level Annotations

Branches:
Dungeon (3/15)

Altars:

Annotations:
D:2 Ijyb


Innate Abilities, Weirdness & Mutations

You cannot wear most types of armour.
You are very stealthy in the water. (Stealth+)
You are amphibious.
You can wear up to eight rings at the same time.
You can use your tentacles to constrict eight enemies at once.
Your skin changes colour to match your surroundings (Stealth+).
Your rubbery body absorbs attacks. (AC +1, EV +1)


Message History

Confirm with . or Enter, or press ? or * to list all spells.
Aiming: Sandblast (safe; 3% risk of failure)
Press: ? - help, Shift-Dir - straight line The blast of sand hits something.
b - 102 stones Something hits you.
Casting: Sandblast (safe; 3% risk of failure)
Confirm with . or Enter, or press ? or * to list all spells.
Aiming: Sandblast (safe; 3% risk of failure)
Press: ? - help, Shift-Dir - straight line
b - 101 stones Something hits you.
You closely miss something. Something hits you but does no damage.
You miss something. Your squeeze misses something. Something hits you.
* * * LOW HITPOINT WARNING * * *
You hit something but do no damage. Your squeeze misses something.
You hear some strange, mumbled words.
A puff of flame appears from out of thin air!
The puff of flame hits you!
You die...

#........############
#.
#...................#
#+
#...................#
#...................#
#####.....###########
#.....# #.....#
#....)# #...@.#
#...{.# #.......)#
#........# #........#
#........# #........#
#........#


There were no monsters in sight!

Vanquished Creatures
  An orc priest (D:3)
  An orc wizard (D:3)
  5 adders
  A worm (D:2)
  A leopard gecko (D:2)
  8 orcs (D:3)
  4 bats
  2 giant cockroaches
  15 goblins
  9 hobgoblins
  4 jackals
  6 kobolds
  4 frilled lizards (D:1)
  3 rats
64 creatures vanquished.

Notes
Turn   | Place    | Note
-------+----------+-------------------------------------------
     0 | D:1      | username5893471 the Octopode Earth Elementalist began the
                  | quest for the Orb.
     0 | D:1      | Reached XP level 1. HP: 11/11 MP: 3/3
   190 | D:1      | Reached XP level 2. HP: 17/17 MP: 5/5
   197 | D:1      | Learned a level 2 spell: Passwall
   479 | D:1      | Reached XP level 3. HP: 17/21 MP: 0/6
   484 | D:1      | Learned a level 3 spell: Stone Arrow
  1826 | D:2      | Noticed Ijyb
  1932 | D:2      | Reached XP level 4. HP: 23/27 MP: 7/7
  2637 | D:3      | Reached XP level 5. HP: 24/31 MP: 9/9
  2642 | D:3      | Reached skill level 1 in Shields
  2642 | D:3      | Reached skill level 1 in Conjurations
  2642 | D:3      | Reached skill level 4 in Earth Magic
  2946 | D:3      | Learned a level 4 spell: Petrify
  2988 | D:3      | Killed from afar by an orc wizard

Skill      XL: |  1  2  3  4  5 |
---------------+----------------+-----
Stealth        | 3 |  3.5
Shields        | 1 |  1.2
Conjurations   | 1 |  1.1
Earth Magic    | 4 |  4.0
Dodging        | 3 |  3.0
Spellcasting   | 3 |  3.1
Fighting       | |  0.3
Transmutations | |  1.0

Action                   |  1- 3 |  4- 6 || total
-------------------------+-------+-------++-------
Melee: Dagger            |    40 |    22 ||    62
       Constrict         |     8 |     6 ||    14
       Unarmed           |     1 |       ||     1
       Tentacles         |     5 |     2 ||     7
 Cast: Sandblast         |    32 |    38 ||    70
  Use: Scroll            |     5 |       ||     5
 Stab: Sleeping          |     9 |       ||     9
  Eat: Chunk             |     3 |     3 ||     6
Armor: Skin              |     7 |       ||     7
Dodge: Dodged            |    26 |    14 ||    40
